 Dungeon Crawl Stone Soup version 0.28-a0-1206-g193881aaa2 (webtiles) character file.

Game seed: 3743764612614494521

440264 leviel the Slayer (level 23, -12/228 HPs)
             Began as a Hill Orc Fighter on Dec 20, 2021.
             Was the Champion of the Shining One.
             Mangled by a spriggan defender (14 damage)
             ... led by the Enchantress
             ... on level 2 of the Depths.
             The game lasted 01:24:42 (59649 turns).

leviel the Slayer (Hill Orc Fighter)               Turns: 59649, Time: 01:24:43

Health: -12/228    AC: 36    Str: 33    XL:     23   Next: 75%
Magic:  24/32      EV:  8    Int:  8    God:    the Shining One [******]
Gold:   3525       SH: 19    Dex: 13    Spells: 22/22 levels left

rFire   . . .      SeeInvis .   b - +8 war axe "Undertaker" {flame, Will+ Dex+3}
rCold   + . .      Faith    .   j - +1 kite shield {reflect}
rNeg    + + +      Spirit   .   O - +6 crystal plate armour
rPois   +          Reflect  +   N - +0 helmet
rElec   .          Harm     .   (no cloak)
rCorr   +          Rampage  .   p - +0 pair of gloves
Will    ++...      Clarity  +   u - +2 pair of boots
Stlth   ..........              z - amulet "Suaf" {Reflect rPois rC+ Str+3 SH+5}
HPRegen 0.48/turn               k - ring of resist corrosion
MPRegen 0.23/turn               W - ring of flight

@: flying, slowed, glowing, unable to read, very slow
A: iridescent scales 1, clarity, deformed body, low mp 1, screaming 1, evolution
1, inability to read while threatened, MP-powered wands
}: 3/15 runes: barnacled, silver, gossamer
a: Renounce Religion, Divine Shield, Cleansing Flame, Summon Divine Warrior,
Brand Weapon With Holy Wrath


You were on level 2 of the Depths.
You worshipped the Shining One.
The Shining One was exalted by your worship.
You visited 9 branches of the dungeon, and saw 44 of its levels.
You also visited: Sewer and Ice Cave.

You collected 5179 gold pieces.
You spent 1654 gold pieces at shops.

Inventory:

Hand Weapons
 a - a +6 broad axe of freezing
 b - the +8 war axe "Undertaker" (weapon) {flame, Will+ Dex+3}
   (You acquired it on level 6 of the Dungeon)

   It burns those it strikes, dealing additional fire damage.
   Big, fiery blades are also staple armaments of hydra-hunters.
   Dex:       It affects your dexterity (+3).
   Will:      It increases your willpower.
 f - the +10 hand axe of the Warrior-Mage {flame, rN+}
   (You found it on level 4 of the Shoals)

   It burns those it strikes, dealing additional fire damage.
   Big, fiery blades are also staple armaments of hydra-hunters.
   rN:        It protects you from negative energy.
 K - a +2 sacred scourge of holy wrath
Missiles
 c - 7 throwing nets
 t - 166 poisoned darts (quivered)
 A - 4 javelins
 Q - 10 curare-tipped darts
 Y - 7 silver javelins
Armour
 j - a +1 kite shield of reflection (worn)
 p - a +0 pair of gloves (worn)
 r - +1 acid dragon scales
 u - a +2 pair of boots (worn)
 N - a +0 helmet (worn)
 O - a +6 crystal plate armour (worn)
Jewellery
 k - a ring of resist corrosion (left hand)
 z - the amulet "Suaf" (around neck) {Reflect rPois rC+ Str+3 SH+5}
   (You found it in an ice cave)

   [amulet of reflection]

   It reflects blocked missile attacks.
   Str:       It affects your strength (+3).
   rC:        It protects you from cold.
   rPois:     It protects you from poison.
   SH:        It affects your SH (+5).
 W - a ring of flight (right hand)
Wands
 m - a wand of acid (31)
 q - a wand of mindburst (18)
 w - a wand of digging (8)
 y - a wand of iceblast (31)
 B - a wand of polymorph (10)
 F - a wand of paralysis (14)
 H - a wand of flame (51)
 P - a wand of charming (15)
Scrolls
 h - 19 scrolls of teleportation
 C - 2 scrolls of fear
 E - 3 scrolls of magic mapping
 I - 3 scrolls of silence
 L - a scroll of fog
 M - 17 scrolls of identify {@r1}
 U - a scroll of blinking
 X - a scroll of holy word
Potions
 d - 5 potions of attraction
 e - a potion of ambrosia
 g - 17 potions of curing
 i - a potion of cancellation
 l - a potion of mutation
 n - 4 potions of brilliance
 s - 4 potions of magic
 D - 7 potions of lignification
 J - 2 potions of resistance
 T - a potion of flight
Miscellaneous
 o - a lightning rod (4/4)
 V - a phial of floods


   Skills:
 + Level 23.7 Fighting
 - Level 18.0 Axes
 + Level 14.5 Throwing
 + Level 21.9 Armour
 - Level 15.0 Shields
 - Level 18.3 Invocations
 + Level 11.4 Evocations


You had 22 spell levels left.
You didn't know any spells.
Your spell library contained the following spells:

 Spells                   Type           Power      Damage    Failure   Level
 Apportation              Tloc           0%         N/A       97%         1
 Beastly Appendage        Tmut           0%         N/A       97%         1
 Foxfire                  Conj/Fire      0%         2x1d4     97%         1
 Magic Dart               Conj           0%         1d3       97%         1
 Blink                    Tloc           0%         N/A       99%         2
 Call Imp                 Summ           0%         N/A       99%         2
 Corpse Rot               Necr/Air       0%         N/A       99%         2
 Passwall                 Tmut/Erth      0%         N/A       99%         2
 Poisonous Vapours        Pois/Air       0%         N/A       99%         2
 Static Discharge         Conj/Air       0%         N/A       99%         2
 Wereblood                Tmut           0%         N/A       99%         2
 Conjure Flame            Conj/Fire      0%         6-21      100%        3
 Dazzling Flash           Conj/Hex       0%         N/A       100%        3
 Ignite Poison            Fire/Tmut/Pois 0%         N/A       100%        3
 Lesser Beckoning         Tloc           0%         N/A       100%        3
 Mephitic Cloud           Conj/Pois/Air  0%         N/A       100%        3
 Spider Form              Tmut/Pois      0%         N/A       100%        3
 Swiftness                Air            0%         N/A       100%        3
 Airstrike                Air            0%         N/A       100%        4
 Dispel Undead            Necr           0%         3d6       100%        4
 Fulminant Prism          Conj/Hex       0%         3d6       100%        4
 Iskenderun's Mystic Bla  Conj/Tloc      0%         2d3       100%        4
 Olgreb's Toxic Radiance  Pois           0%         N/A       100%        4
 Petrify                  Tmut/Erth      0%         N/A       100%        4
 Sticky Flame             Conj/Fire      0%         2d3       100%        4
 Summon Lightning Spire   Summ/Air       0%         N/A       100%        4
 Alistair's Intoxication  Tmut/Pois      0%         N/A       100%        5
 Borgnjor's Vile Clutch   Necr/Erth      0%         N/A       100%        5
 Freezing Cloud           Conj/Ice/Air   0%         6-21      100%        5
 Lee's Rapid Deconstruct  Erth           0%         3d5*      100%        5
 Lightning Bolt           Conj/Air       0%         1d11      100%        5
 Manifold Assault         Tloc           0%         N/A       100%        5
 Metabolic Englaciation   Hex/Ice        0%         N/A       100%        5
 Eringya's Noxious Bog    Tmut/Pois      0%         N/A       100%        6
 Simulacrum               Ice/Necr       0%         N/A       100%        6
 Starburst                Conj/Fire      0%         6d3       100%        6
 Statue Form              Tmut/Erth      0%         N/A       100%        6
 Ozocubu's Refrigeration  Ice            0%         4d5       100%        7
 Storm Form               Tmut/Air       0%         N/A       100%        7
 Ignition                 Fire           0%         3d3       100%        8
 Maxwell's Capacitive Co  Air            0%         ∞         100%        8
 Polar Vortex             Ice            0%         N/A       100%        9


Dungeon Overview and Level Annotations

Branches:
Dungeon (15/15)            Temple (1/1) D:6            Lair (6/6) D:11
 Shoals (4/4) Lair:2       Spider (4/4) Lair:2        Slime (5/5) Lair:5
    Orc (2/2) D:9             Elf (0/3) Orc:2        Vaults (5/5) D:13
  Crypt (0/3) Vaults:3     Depths (2/4) D:15          Sewer (visited)
  IceCv (visited)

Altars:
Ashenzari
Cheibriados
Dithmenos
Elyvilon
Fedhas
Gozag
Hepliaklqana
Kikubaaqudgha
Makhleb
Nemelex Xobeh
Okawaru
Qazlal
Ru
Sif Muna
Trog
Uskayaw
Vehumet
Wu Jian
Xom
Yredelemnul
Zin
The Shining One
Beogh

Shops:
D:5 (   Orc:2 =?:*   Shoals:1 (**[   Shoals:2 =   Vaults:2 :*   Vaults:3 (

Portals:
Hell: Depths:1
Trove: Vaults:4 (give 4 scrolls of fear)

Annotations:
D:3 1 runed translucent door, Crazy Yiuf
Depths:2 the Enchantress


Innate Abilities, Weirdness & Mutations

You are partially covered in iridescent scales. (AC +2)
You possess an exceptional clarity of mind.
Armour fits poorly on your strangely shaped body.
Your magical capacity is low. (-10% MP)
You occasionally shout uncontrollably at your foes.
You have hidden genetic potential.
You sometimes lose the ability to read scrolls when taking damage.
You expend magic power (3 MP) to strengthen your wands.


Message History

You block the ice dragon's attack. x3
The deep troll earth mage gestures next to you while chanting.
Some rock shatters into small pieces.
The spriggan defender hits you with a +3 lajatang of electrocution!!
The ice dragon breathes frost at you. The blast of cold hits you! You resist.
The spriggan defender hits you with a +3 lajatang of electrocution!!
You feel threatened and lose the ability to read scrolls!
The ice dragon bites you but does no damage.
The ice dragon claws you but does no damage.
You block the ice dragon's attack.
You block the spriggan defender's attack.
You block the wizard's attack.
The spriggan defender hits you with a +3 lajatang of electrocution!
You are electrocuted!!
* * * LOW HITPOINT WARNING * * *
The Enchantress gestures wildly while chanting.
You feel momentarily confused.
You block the spriggan air mage's attack.
The deep troll earth mage gestures next to the wizard while chanting.
Some rock shatters into small pieces.
The wizard gestures wildly while chanting.
The wizard flickers and vanishes for a moment.
The spriggan defender hits you but does no damage.
You are electrocuted!
* * * LOW HITPOINT WARNING * * *
You cannot read scrolls in your current state!
The spriggan defender hits you with a +3 lajatang of electrocution.
* * * LOW HITPOINT WARNING * * *
The wizard mumbles some strange words.
The wizard blinks!
The spriggan defender hits you with a +3 lajatang of electrocution!
* * * LOW HITPOINT WARNING * * *
Okay, then.
You are momentarily dazzled by a brilliant light.
The spriggan defender barely misses you.
The spriggan defender hits you with a +3 lajatang of electrocution!!
* * * LOW HITPOINT WARNING * * *
You are electrocuted!
You die...

#...# ##.....# #....#
##......# .##.....#
#.....##....##..
........#
#..........###.#
.......## #.......).##
#.# ....... .........##
#..
#..#.###########.######.#
#....TiAp...............#
#[..T.Ti@.######.######.#
#.)..Dii.........# #.#
......)##.#i###########
### ####### ##.#.# ##.#.#
#.## #.# ##


You could see the Enchantress (repels missiles), an ice dragon, 2 iron trolls, 2
spriggan defenders, a spriggan air mage (repels missiles), a deep troll earth
mage (ally target), a wizard (invisible), a spriggan and a friendly angel
(summoned).

Vanquished Creatures
  Mara (Spider:3)
  Saint Roka (Vaults:2)
  Nikola (Depths:1)
  Arachne (Spider:2)
  2 tentacled monstrosities (Vaults:5)
  A quicksilver dragon (Vaults:4)
  15 acid blobs
  A titan (Vaults:5)
  Kirke (Shoals:4)
  The ghost of Waod the Severer, an adept HOBr of Beogh (Shoals:3)
  The ghost of bearlyready the Fencer, an adept MiDe of Okawaru (Shoals:3)
  4 tengu reavers (Vaults:5)
  The ghost of AigisTheKnight the Zephyrmancer, an adept DrAE of Vehumet (Shoals:3)
  Ilsuiw (Shoals:3)
  3 shadow dragons (Vaults:5)
  The ghost of Todgh the Fighter, an adept GrFi of Ashenzari (Shoals:3)
  3 azure jellies
  44 slime creatures
  A frost giant (Depths:1)
  A rockslime (Slime:3)
  Aizul (Depths:1)
  A deep elf sorcerer (Vaults:5)
  9 vault wardens
  2 orc warlords
  8 ironbound preservers
  5 emperor scorpions
  6 ghost moths
  5 very ugly things
  2 war gargoyles
  4 quicksilver oozes
  A spriggan defender (Depths:2)
  The ghost of Wannaq the Quickloader, a journeyman GnWn of Okawaru (Shoals:2)
  7 stone giants
  6 ironbound thunderhulks
  A deep elf demonologist (Vaults:5)
  The ghost of Dyewenos the Spry, a journeyman FeBe of Trog (Shoals:3)
  2 deep elf annihilators (Vaults:5)
  10 dire elephants
  9 spark wasps
  4 entropy weavers
  7 ettins
  8 merfolk impalers
  3 deep elf death magi (Vaults:5)
  Josephine (Spider:1)
  5 merfolk javelineers
  6 great orbs of eyes
  A fire dragon (D:14)
  2 jiangshi (D:15)
  5 yaktaur captains
  2 deep elf high priests
  2 rakshasas
  2 ice dragons
  36 vault guards
  Harold (Lair:2)
  7 boulder beetles
  8 hydras
  A peacekeeper (Vaults:4)
  6 ogre magi
  3 catoblepae (Lair:6)
  An alligator snapping turtle (Shoals:4)
  7 ironbound frosthearts
  Erica (D:9)
  2 merfolk aquamancers (Shoals:3)
  3 satyrs
  8 centaur warriors
  5 merfolk avatars
  20 two-headed ogres
  10 death yaks (Lair:6)
  A tengu warrior (D:15)
  A spriggan berserker (Depths:2)
  5 hell knights (Depths:1)
  A fire crab (shapeshifter) (D:13)
  A fire crab (Lair:6)
  2 flayed ghosts (Vaults:5)
  8 skeletal warriors (D:15)
  A storm dragon skeleton (Vaults:4)
  15 sea snakes
  26 deep trolls
  A glowing orange brain (Vaults:1)
  3 necromancers
  9 wizards
  30 harpies
  33 wolf spiders
  20 ironbound convokers
  Pikel (D:7)
  4 phantasmal warriors
  44 ugly things
  13 lindwurms
  21 orb spiders
  19 orc knights
  A glowing shapeshifter (Vaults:5)
  3 deep elf pyromancers
  2 oklob plants (Lair:5)
  An orc sorcerer (Orc:1)
  A tengu skeleton (Depths:1)
  7 shining eyes
  23 manticores
  20 fauns
  13 cyclopes
  5 moths of wrath
  A stone giant zombie (Depths:1)
  2 centaur zombies
  7 black mambas
  8 water nymphs
  12 elephants
  13 merfolk sirens
  12 vault sentinels
  Joseph (D:7)
  2 ice statues (IceCv)
  10 cane toads
  3 torpor snails
  2 rime drakes
  4 tengu conjurers
  4 kobold demonologists (D:14)
  3 unseen horrors
  A gargoyle (D:12)
  2 freezing wraiths
  17 demonic crawlers
  8 komodo dragons
  A yaktaur zombie (Vaults:4)
  22 yaktaurs
  26 merfolk
  10 meliai
  3 trolls
  5 polar bears
  A yaktaur skeleton (Vaults:4)
  A human skeleton (Vaults:4)
  A polar bear (shapeshifter) (Vaults:5)
  28 jumping spiders
  13 hornets
  7 blink frogs
  8 snapping turtles
  6 wind drakes
  17 dream sheep
  Sigmund (D:3)
  28 tarantellas
  2 spriggans (Depths:2)
  2 shadows
  8 wyverns
  96 yaks
  95 redbacks
  16 water elementals
  5 basilisks
  5 wraiths
  8 vampire mosquitoes
  6 hogs (Shoals:4)
  A spriggan simulacrum (Depths:1)
  5 wargs
  3 death yak simulacra (IceCv)
  3 acid dragons
  3 swamp worms (Lair:5)
  7 water moccasins
  29 orc warriors
  A black bear (D:6)
  3 sky beasts
  A swamp drake (D:11)
  A hornet zombie (D:7)
  33 ogres
  A necrophage (D:7)
  13 wolves (Lair:5)
  A boggart (D:14)
  8 centaurs
  6 bullfrogs
  9 kobold brigands
  3 gnoll sergeants
  A scorpion (D:5)
  A wyvern zombie (D:7)
  A water moccasin skeleton (D:6)
  5 killer bees (D:11)
  An elephant simulacrum (IceCv)
  A human simulacrum (Vaults:4)
  3 howler monkeys (D:7)
  3 vampire bats (D:9)
  14 wights
  3 jellies
  2 bullfrog zombies
  3 hounds
  A gnoll shaman (D:5)
  A centaur skeleton (D:6)
  17 orc priests
  26 orc wizards
  Jessica (D:1)
  Natasha (thrice) (D:2)
  Terence (D:3)
  2 iguanas
  5 hell rats (Lair:4)
  A wolf simulacrum (IceCv)
  A hound skeleton (D:4)
  A howler monkey zombie (D:11)
  16 gnolls
  A howler monkey skeleton (D:5)
  7 adders
  4 river rats (Sewer)
  A white imp (D:7)
  2 ufetubi
  An adder skeleton (D:4)
  4 dart slugs
  90 orcs
  20 ball pythons
  2 bats (D:1)
  2 bat skeletons (D:9)
  4 bat zombies (D:9)
  18 endoplasms
  10 giant cockroaches
  7 goblins
  5 hobgoblins
  7 jackals
  32 kobolds
  5 quokkas
  10 frilled lizards
  28 rats
1706 creatures vanquished.

Vanquished Creatures (collateral kills)
  Frederick (Vaults:2)
  2 angels (Vaults:2)
3 creatures vanquished.

Vanquished Creatures (others)
  A great orb of eyes (Depths:1)
  A vampire mage (Depths:1)
  A manticore (Shoals:2)
  2 tengu conjurers (Depths:1)
  A tarantella (Spider:1)
  A spriggan skeleton (Depths:1)
  26 fungi
  100 plants
  8 toadstools (D:2)
141 creatures vanquished.

Grand Total: 1850 creatures vanquished

Notes
Turn   | Place    | Note
-------+----------+-------------------------------------------
     0 | D:1      | leviel the Hill Orc Fighter began the quest for the Orb.
     0 | D:1      | Reached XP level 1. HP: 19/19 MP: 1/1
   240 | D:1      | Reached XP level 2. HP: 26/27 MP: 2/2
   672 | D:1      | Reached skill level 4 in Fighting
   752 | D:2      | Reached XP level 3. HP: 33/33 MP: 3/3
   952 | D:2      | Noticed Jessica
   953 | D:2      | Noticed Natasha
   968 | D:1      | Killed Jessica
   969 | D:1      | Reached XP level 4. HP: 25/40 MP: 4/4
  1068 | D:2      | Killed Natasha
  1069 | D:2      | Found a faded altar of an unknown god.
  1111 | D:2      | Got Plato's Grimoire of the Volcanoes
  1331 | D:2      | Noticed Natasha
  1333 | D:2      | Killed Natasha
  1334 | D:2      | Reached XP level 5. HP: 46/47 MP: 5/5
  1612 | D:2      | Noticed Natasha
  1623 | D:2      | Killed Natasha
  1624 | D:2      | Reached skill level 5 in Fighting
  1624 | D:2      | Reached XP level 6. HP: 40/56 MP: 6/6
  1784 | D:3      | Noticed Terence
  1804 | D:3      | Killed Terence
  2103 | D:3      | Reached skill level 5 in Axes
  2521 | D:3      | Noticed Sigmund
  2532 | D:3      | Killed Sigmund
  2533 | D:3      | Reached skill level 5 in Armour
  2533 | D:3      | Reached skill level 5 in Shields
  2533 | D:3      | Reached XP level 7. HP: 54/61 MP: 7/7
  3296 | D:3      | Found a runed translucent door.
  3297 | D:3      | Noticed Crazy Yiuf
  4176 | D:4      | Found a hazy altar of Hepliaklqana.
  4196 | D:4      | Found an opulent altar of Gozag.
  4257 | D:4      | Found an iron altar of Okawaru.
  4313 | D:4      | Found a hide-covered altar of Uskayaw.
  4532 | D:5      | Entered Level 5 of the Dungeon
  4546 | D:5      | Found Jueb's Antique Weapon Emporium.
  4568 | D:5      | Reached skill level 6 in Fighting
  4780 | D:5      | Bought a broad axe for 108 gold pieces
  4883 | D:5      | Reached skill level 1 in Evocations
  4883 | D:5      | Reached XP level 8. HP: 22/71 MP: 8/8
  6132 | D:6      | Noticed a shadow
  6135 | D:6      | Killed a shadow
  6136 | D:6      | Reached skill level 7 in Fighting
  6174 | D:6      | Reached XP level 9. HP: 42/79 MP: 9/9
  6343 | D:6      | Found a sparkling altar of Nemelex Xobeh.
  6452 | D:6      | Found a staircase to the Ecumenical Temple.
  6472 | Temple   | Entered the Ecumenical Temple
  6551 | Temple   | Became a worshipper of the Shining One
  6633 | D:6      | Found a glowing drain.
  6661 | Sewer    | Entered a sewer
  7363 | D:6      | Identified a scroll of acquirement
  7363 | D:6      | Acquired the +8 war axe "Undertaker" {flame, Will+ Dex+3}
  7499 | D:6      | Reached skill level 10 in Axes
  7858 | D:7      | Reached skill level 8 in Fighting
  8010 | D:7      | Noticed Pikel
  8018 | D:7      | Killed Pikel
  8019 | D:7      | Reached XP level 10. HP: 86/90 MP: 10/10
  8066 | D:7      | Found a sacrificial altar of Ru.
  8066 | D:7      | Found a shadowy altar of Dithmenos.
  8097 | D:7      | Reached * piety under the Shining One
  8116 | D:7      | Noticed Joseph
  8126 | D:7      | Killed Joseph
  8127 | D:7      | Reached skill level 5 in Evocations
  8430 | D:7      | Reached skill level 9 in Fighting
  8817 | D:8      | Identified the +0 robe "Alyaskin" {Harm rPois rF+}
  9372 | D:8      | Reached XP level 11. HP: 98/99 MP: 11/11
  9767 | D:9      | Noticed Erica
  9774 | D:9      | Killed Erica
  9775 | D:9      | Reached skill level 10 in Fighting
  9920 | D:9      | Reached ** piety under the Shining One
 10455 | D:9      | Found a staircase to the Orcish Mines.
 10475 | D:9      | Reached skill level 15 in Axes
 10883 | D:9      | Reached *** piety under the Shining One
 10901 | D:9      | Found an ancient bone altar of Kikubaaqudgha.
 11026 | D:10     | Entered Level 10 of the Dungeon
 11224 | D:10     | Reached skill level 10 in Armour
 11828 | D:11     | Found a frozen archway.
 11828 | D:11     | Noticed a manticore
 11842 | D:11     | Killed a manticore
 11843 | D:11     | Reached skill level 11 in Fighting
 11849 | IceCv    | Entered an ice cave
 11849 | IceCv    | Noticed a white ugly thing
 11853 | IceCv    | Found a transporter.
 11867 | IceCv    | Killed a white ugly thing
 12114 | IceCv    | Found a transporter.
 12162 | IceCv    | Identified the amulet "Suaf" {Reflect rPois rC+ Str+3 SH+5}
 12170 | IceCv    | Reached XP level 12. HP: 57/110 MP: 12/12
 12497 | D:11     | Reached **** piety under the Shining One
 13003 | D:11     | Found a staircase to the Lair.
 13466 | Lair:1   | Entered Level 1 of the Lair of Beasts
 13467 | Lair:1   | Acquired a +1 kite shield of reflection
 13476 | Lair:1   | Noticed a seven-headed hydra
 13487 | Lair:1   | Killed a three-headed hydra
 13894 | Lair:1   | Identified the +0 pair of gloves "Nediff" {Harm Rampage
                  | rCorr Dex-2}
 13931 | Lair:1   | Reached skill level 1 in Invocations
 13932 | Lair:1   | Reached skill level 12 in Fighting
 14576 | Lair:2   | Noticed Harold
 14579 | Lair:2   | Killed Harold
 14654 | Lair:2   | Found a hole to the Spider Nest.
 15389 | Lair:2   | Found a staircase to the Shoals.
 15530 | Lair:3   | Reached skill level 10 in Shields
 15530 | Lair:3   | Reached XP level 13. HP: 119/119 MP: 15/18
 15565 | Lair:3   | Reached XP level 14. HP: 124/127 MP: 19/19
 16484 | Lair:4   | Reached skill level 13 in Fighting
 17710 | Lair:5   | Reached ***** piety under the Shining One
 17826 | Lair:5   | Found a staircase to the Slime Pits.
 18334 | Lair:6   | Entered Level 6 of the Lair of Beasts
 18527 | Lair:6   | Reached skill level 14 in Fighting
 18531 | Lair:6   | Reached skill level 10 in Invocations
 18555 | Lair:6   | Reached XP level 15. HP: 131/138 MP: 22/22
 19672 | Lair:6   | Identified the +1 ring mail "Vuidduex" {Rampage rC+}
 20523 | Orc:1    | Entered Level 1 of the Orcish Mines
 20788 | Orc:2    | Entered Level 2 of the Orcish Mines
 21497 | Orc:2    | Found a staircase to the Elven Halls.
 21604 | Orc:2    | Found Ahufum's Magic Scroll Boutique.
 21604 | Orc:2    | Found Afowokae's Jewellery Shoppe.
 21609 | Orc:2    | Reached skill level 15 in Fighting
 21618 | Orc:2    | Reached skill level 15 in Shields
 21901 | Orc:2    | Found Ziedd's General Store.
 21901 | Orc:2    | Found Lethraok's Book Boutique.
 21918 | Orc:2    | Bought a scroll of enchant armour for 112 gold pieces
 21918 | Orc:2    | Bought a scroll of blinking for 112 gold pieces
 21918 | Orc:2    | Bought a scroll of magic mapping for 52 gold pieces
 21918 | Orc:2    | Bought a scroll of magic mapping for 52 gold pieces
 21919 | Orc:2    | Bought the amulet of Tonod {Regen+ Int+2} for 618 gold
                  | pieces
 22626 | Shoals:1 | Entered Level 1 of the Shoals
 22631 | Shoals:1 | Reached XP level 16. HP: 147/151 MP: 23/23
 22635 | Shoals:1 | Reached skill level 16 in Fighting
 23218 | Shoals:1 | Reached skill level 1 in Throwing
 23307 | Shoals:1 | Reached skill level 15 in Armour
 23693 | Shoals:1 | Found Puas's Visitors' Centre.
 23697 | Shoals:1 | Reached ****** piety under the Shining One
 23705 | Shoals:1 | Found Puas's Merfolk Armours.
 23705 | Shoals:1 | Found Puas's Merfolk Magic.
 24077 | Shoals:1 | Bought a potion of flight for 300 gold pieces
 24277 | Spider:1 | Entered Level 1 of the Spider Nest
 24279 | Spider:1 | Noticed Josephine
 24289 | Spider:1 | Killed Josephine
 25408 | Spider:2 | Noticed Arachne
 25427 | Spider:2 | Killed Arachne
 25438 | Spider:1 | Reached skill level 17 in Fighting
 26936 | Spider:2 | Reached XP level 17. HP: 161/161 MP: 26/26
 26945 | Spider:2 | Reached skill level 5 in Throwing
 28163 | Spider:4 | Entered Level 4 of the Spider Nest
 28371 | Spider:4 | Reached skill level 18 in Fighting
 28400 | Spider:4 | Noticed Mara
 28419 | Spider:4 | Noticed leviel's illusion
 28469 | Spider:3 | Killed Mara
 29379 | Spider:4 | Reached XP level 18. HP: 95/173 MP: 18/28
 30249 | Spider:4 | Got a gossamer rune of Zot
 31621 | D:12     | You fall into a shaft and drop 3 floors!
 31621 | D:15     | Entered Level 15 of the Dungeon
 32075 | D:15     | Reached skill level 15 in Invocations
 32078 | D:15     | Reached skill level 19 in Fighting
 32231 | D:15     | Found a staircase to the Depths.
 32891 | D:15     | Identified the +8 rapier of Fokk {venom, rCorr}
 33580 | D:14     | Found a shimmering altar of Xom.
 33589 | D:14     | Found a shimmering altar of Xom.
 34469 | D:13     | Found a gate to the Vaults.
 34677 | D:13     | Reached XP level 19. HP: 179/184 MP: 29/31
 35829 | Shoals:2 | Noticed Wannaq's ghost (journeyman GnWn)
 36016 | Shoals:3 | Reached XP level 20. HP: 185/193 MP: 32/32
 36299 | Shoals:3 | Noticed Ilsuiw
 36311 | Shoals:3 | Reached skill level 20 in Fighting
 36698 | Shoals:3 | Killed Ilsuiw
 37077 | Shoals:3 | Found a runed translucent gate.
 37077 | Shoals:3 | Found a runed translucent gate.
 37077 | Shoals:3 | Found a runed translucent gate.
 37077 | Shoals:3 | Noticed Todgh's ghost (adept GrFi)
 37077 | Shoals:3 | Noticed Dyewenos's ghost (journeyman FeBe)
 37078 | Shoals:3 | Noticed bearlyready's ghost (adept MiDe)
 37078 | Shoals:3 | Noticed Waod's ghost (adept HOBr)
 37079 | Shoals:3 | Noticed AigisTheKnight's ghost (adept DrAE)
 37105 | Shoals:3 | Reached skill level 10 in Throwing
 37807 | Shoals:4 | Entered Level 4 of the Shoals
 37837 | Shoals:4 | Noticed Kirke
 37858 | Shoals:4 | Killed Kirke
 39634 | Shoals:4 | Identified the +10 hand axe of the Warrior-Mage {flame,
                  | rN+}
 40182 | Shoals:4 | Identified the +3 buckler "Biexeugh" {*Corrode rC++ Dex+4}
 40637 | Shoals:4 | HP: 8/195 [merfolk javelineer/silver javelin (19)]
 40640 | Shoals:4 | HP: 2/195 [merfolk javelineer/silver javelin (9)]
 41203 | Shoals:4 | Got a barnacled rune of Zot
 41741 | Shoals:2 | Found a transporter.
 41759 | Shoals:2 | Found a transporter.
 41808 | Shoals:2 | Killed Wannaq's ghost
 41812 | Shoals:2 | Identified the ring of Nirag {MP+9 Slay+2}
 42312 | Shoals:2 | Found Yneun's Jewellery Boutique.
 42945 | Slime:1  | Entered Level 1 of the Pits of Slime
 44085 | Slime:1  | Gained mutation: You are frail. (-10% HP) [a shining eye]
 44710 | Slime:3  | Reached XP level 21. HP: 141/182 MP: 33/33
 44711 | Slime:3  | Gained mutation: Your magical capacity is low. (-10% MP) [a
                  | shining eye]
 44713 | Slime:3  | Gained mutation: You are clumsy. (Dex -2) [a shining eye]
 44723 | Slime:3  | Gained mutation: You are very clumsy. (Dex -4) [a shining
                  | eye]
 44725 | Slime:3  | Gained mutation: Your body sometimes deteriorates upon
                  | taking damage. [a shining eye]
 45018 | Slime:1  | Acquired 839 gold pieces
 45222 | Slime:2  | Gained mutation: You do not regenerate when monsters are
                  | visible. [a shining eye]
 45230 | Slime:2  | Lost mutation: Your magical capacity is low. (-10% MP)
                  | [potion of mutation]
 45230 | Slime:2  | Lost mutation: You are very clumsy. (Dex -4) [potion of
                  | mutation]
 45230 | Slime:2  | Lost mutation: You are frail. (-10% HP) [potion of
                  | mutation]
 45231 | Slime:2  | Lost mutation: Your body sometimes deteriorates upon taking
                  | damage. [potion of mutation]
 45232 | Slime:2  | Lost mutation: You do not regenerate when monsters are
                  | visible. [potion of mutation]
 45232 | Slime:2  | Lost mutation: You are clumsy. (Dex -2) [potion of
                  | mutation]
 45232 | Slime:2  | Gained mutation: You are partially covered in iridescent
                  | scales. (AC +2) [potion of mutation]
 45232 | Slime:2  | Gained mutation: You have hidden genetic potential. [potion
                  | of mutation]
 45232 | Slime:2  | Gained mutation: You expend magic power (3 MP) to
                  | strengthen your wands. [potion of mutation]
 45485 | Vaults:1 | Entered Level 1 of the Vaults
 45523 | Vaults:1 | Reached skill level 21 in Fighting
 46229 | Vaults:1 | Identified the ring "Gemeod" {EV+4 Dex+7}
 47607 | Vaults:2 | Noticed Frederick
 47609 | Vaults:2 | Found a glowing golden altar of the Shining One.
 47610 | Vaults:2 | Found a glowing silver altar of Zin.
 47611 | Vaults:2 | Found a crumbling gateway.
 47622 | Vaults:2 | Found a white marble altar of Elyvilon.
 47633 | Vaults:2 | Found Wacs's Book Shoppe.
 48064 | Vaults:2 | Noticed Saint Roka
 48091 | Vaults:2 | Killed Saint Roka
 48349 | Vaults:2 | Killed Frederick
 48656 | Vaults:2 | Identified the +1 ring mail of Impressiveness {Str+3}
 48978 | Vaults:2 | Found Juguixt's General Store.
 48981 | Vaults:2 | Bought a scroll of enchant armour for 150 gold pieces
 48981 | Vaults:2 | Bought a scroll of holy word for 150 gold pieces
 49069 | Vaults:2 | Found a roughly hewn altar of Beogh.
 49856 | Vaults:3 | Reached XP level 22. HP: 215/215 MP: 35/35
 50037 | Vaults:3 | Reached skill level 22 in Fighting
 50054 | Vaults:3 | Gained mutation: You have great hidden genetic potential.
                  | [hidden potential]
 50492 | Vaults:3 | Found a staircase to the Crypt.
 50492 | Vaults:3 | Found an ancient bone altar of Kikubaaqudgha.
 50492 | Vaults:3 | Found a basalt altar of Yredelemnul.
 50822 | Vaults:3 | Found Feacunyst's Antique Weapon Emporium.
 52671 | Vaults:4 | Found a portal to a secret trove of treasure.
 53393 | Vaults:5 | Entered Level 5 of the Vaults
 54470 | Vaults:5 | Reached skill level 23 in Fighting
 54470 | Vaults:5 | Reached XP level 23. HP: 192/226 MP: 36/36
 54493 | Vaults:5 | Reached skill level 10 in Evocations
 54662 | Vaults:5 | Gained mutation: You possess an exceptional clarity of
                  | mind. [hidden potential]
 54662 | Vaults:5 | Lost mutation: You have great hidden genetic potential.
                  | [hidden potential expressed]
 54783 | Vaults:5 | Found the +4 dagger "Morg" {pain, Will+ Int+5}
 54813 | Vaults:5 | Identified the +1 great sword of the Empty Page {vorpal,
                  | Drain rC+ rN+ Dex+6}
 54815 | Vaults:5 | Got a silver rune of Zot
 54893 | Vaults:5 | Identified the +3 flail "Rerer" {drain, *Slow rElec rN+}
 55266 | Vaults:5 | Identified the +4 war axe of Gravity {vorpal, rCorr Dex+2}
 55909 | Slime:3  | Gained mutation: You sometimes lose the ability to read
                  | scrolls when taking damage. [a shining eye]
 56070 | Slime:3  | Gained mutation: Your magical capacity is low. (-10% MP) [a
                  | shining eye]
 56341 | Slime:5  | Entered Level 5 of the Pits of Slime
 56500 | Slime:5  | Gained mutation: You occasionally shout uncontrollably at
                  | your foes. [a shining eye]
 56501 | Slime:5  | Gained mutation: Armour fits poorly on your strangely
                  | shaped body. [a shining eye]
 56814 | Shoals:3 | Killed AigisTheKnight's ghost
 56818 | Shoals:3 | Killed Dyewenos's ghost
 56829 | Shoals:3 | Killed Waod's ghost
 56849 | Shoals:3 | Killed bearlyready's ghost
 56852 | Shoals:3 | Killed Todgh's ghost
 57436 | Depths:1 | Entered Level 1 of the Depths
 57436 | Depths:1 | Found a gateway to Hell.
 57736 | Depths:1 | Noticed Nikola
 57868 | Depths:1 | Killed Nikola
 58013 | Depths:1 | Found an iron altar of Okawaru.
 58493 | Depths:1 | Noticed Aizul
 58514 | Depths:1 | Killed Aizul
 59019 | Depths:1 | Found an opulent altar of Gozag.
 59630 | Depths:2 | Noticed the Enchantress
 59649 | Depths:2 | HP: 2/228 [spriggan defender[the Enchantress] (22)]
 59649 | Depths:2 | Mangled by a spriggan defender

Illustrated notes

Levels and vault maps discovered:
D:1:      dpeg_arrival_pits, layout_basic
D:2:      cheibrodos_fertilizer, layout_rooms,
          shapermc_ecumenical_altar_rom_forum, minmay_surrounded, uniq_jessica,
          uniq_natasha
D:3:      layout_loops_ring, uniq_sigmund, uniq_terence, uniq_crazy_yiuf_cottage
D:4:      layout_loops_cross, general_overflow_altar,
          mainiacjoe_overflow_concentric_impassable,
          mainiacjoe_overflow_catwalk_spiral
D:5:      layout_layer_cave, serial_shops, shop
D:6:      layout_loops_ring, mainiacjoe_overflow_brackets,
          minmay_temple_entry_statues_fountains, gup_sewer_entry_pipe
D:7:      layout_basic, gammafunk_temple_overflow_wave, uniq_joseph, uniq_pikel
D:8:      layout_loops_ring
D:9:      layout_long_grid, kennysheep_vampire_church,
          kennysheep_orc_monster_closet_entryway, uniq_erica
D:10:     layout_irregular_city
D:11:     layout_basic, erik_lair_dragon, portal_ice_cave_entry_pillars_2
D:12:     layout_basic
D:13:     layout_rooms, erik_vaults_2
D:14:     layout_small_grid, xom_redecorated, minivault_25,
          minmay_splitting_lines, kb_rosetta
D:15:     grunt_enter_depths_giant_problem, layout_layer_cave,
          minmay_misc_feat_alley, serial_rivers, chequers_serial_rivers_micro_c,
          chequers_serial_rivers_micro_a, chequers_serial_rivers_micro_a,
          chequers_serial_rivers_room_b, chequers_serial_rivers_micro_b
Temple:   nicolae_temple_great_sept
Lair:1:   layout_chaotic_city, gauntlet_entry_generic,
          cheibrodos_lair_reptile_den, lemuel_fruit_tree
Lair:2:   layout_loops_ring, minmay_shoals_entry_hut, spider_nest_entry_rubble,
          uniq_harold
Lair:3:   layout_misc_corridors
Lair:4:   layout_roguey
Lair:5:   layout_gridlike, minmay_slime_entry_oklob_enclosed, worms_lemuel
Lair:6:   evilmike_catoblepas_cave, layout_layer_cave
Shoals:1: nicolae_shoals_mermall, layout_shoals, nicolae_shoals_circle_sea_wall
Shoals:2: layout_shoals, gammafunk_ghost_berserking_beasts, serial_shops,
          nicolae_lakefront_shop
Shoals:3: cheibrodos_shoals_baths, layout_shoals, gammafunk_ghost_cemetery,
          uniq_ilsuiw
Shoals:4: shoals_end_simple, layout_shoals, uniq_kirke
Spider:1: layout_spider_delve, uniq_josephine
Spider:2: layout_spider_delve, drop_trap, hangedman_spider_trapstep,
          uniq_arachne
Spider:3: layout_spider_delve
Spider:4: johnstein_spider_rune_arachne_lair, nicolae_spider_rock_and_or_roll,
          uniq_mara
Slime:1:  layout_caves
Slime:2:  cheibrodos_slime_lost_civilization_9, layout_caves
Slime:3:  layout_caves, nicolae_slime_round_cave
Slime:4:  layout_caves
Slime:5
Orc:1:    layout_caves
Orc:2:    st_orc_ogre_mass, layout_caves, nicolae_orc_tapped_out
Vaults:1: v_misc_9, nicolae_vaults_big_angled_halls, v_misc_4,
          nicolae_vaults_hallways_thing, v_misc_25,
          vaults_mumra_minichess_inversion, nicolae_vaults_what_the_h,
          hangedman_vaults_cutoff, vaults_room_pools, vaults_dpeg_ring,
          layout_vaults_chaotic_city
Vaults:2: portal_desolation_entry_holy_temple, dpeg_vaults_monster_row,
          hangedman_vaults_restitches, v_misc_26, v_misc_15, vaults_room_pools,
          special_room_vaults [special_room_orc], vaults_room_hallway,
          layout_vaults_omnicross, serial_shops, nicolae_square_shop,
          nicolae_shop_behind_doors, uniq_saint_roka, uniq_frederick
Vaults:3: nicolae_vaults_little_squares_6, v_misc_11,
          nicolae_vaults_specimen_jars, hangedman_vaults_river_flow, v_misc_27,
          minmay_crypt_entry_necro_gods, nicolae_vaults_little_squares_2,
          vaults_room_corners, layout_vaults_omnigrid, serial_shops, shop
Vaults:4: ontoclasm_vaults_idyll, grunt_vaults_diagonal,
          nicolae_vaults_rhombus_5, v_misc_1, v_misc_2, v_rooms_3,
          vaults_standard_mumra_lines, nicolae_vaults_little_ls,
          nicolae_vaults_asterisk, hangedman_vaults_trim, ontoclasm_vaults_chip,
          vaults_dpeg_hooks, grunt_vaults_hallway_short, layout_vaults_ring,
          trove_entry_hex_spiral
Vaults:5
Depths:1: layout_cross, okawaru_ov_weapons_minmay, hell_entry,
          hangedman_abyss_or_decor_lesser_grid, minmay_misc_feat_cross,
          grunt_gozag_breadcrumbs, uniq_nikola, uniq_aizul
Depths:2: minmay_octo_star, layout_gridlike, rand_demon_pan_entry_7,
          nicolae_wu_jian_wuxing_cycle, serial_shops, kennysheep_mini,
          hangedman_geh_valley, minmay_misc_feat_room, minmay_shop_grove,
          uniq_enchantress

Skill      XL: |  1  2  3  4  5  6  7  8  9 10 11 12 13 14 15 16 17 18 19 20 21 22 23 |
---------------+----------------------------------------------------------------------+-----
Axes           | 3 4 5 7 9 11 13 16 17 18 | 18.0
Fighting       | 4 5 6 7 8 9 11 12 14 15 17 18 19 20 21 23 | 23.7
Armour         | 4 5 6 7 9 10 11 12 14 16 17 18 19 20 21 | 21.9
Shields        | 4 5 10 13 15 | 15.0
Evocations     | 1 2 4 5 7 9 11 | 11.4
Invocations    | 7 10 12 14 16 17 18 | 18.3
Throwing       | 4 7 9 11 12 13 14 | 14.5

Action                   |  1- 3 |  4- 6 |  7- 9 | 10-12 | 13-15 | 16-18 | 19-21 | 22-24 || total
-------------------------+-------+-------+-------+-------+-------+-------+-------+-------++-------
Melee: War axe           |    82 |   124 |   162 |   383 |   537 |  1185 |  1264 |   936 ||  4673
       Broad axe         |       |       |   210 |       |       |       |     5 |       ||   215
Throw: Dart              |       |       |     1 |     1 |       |    13 |    58 |    16 ||    89
Invok: Divine Shield     |       |       |       |     1 |     1 |     3 |     3 |       ||     8
       Cleansing Flame   |       |       |       |       |       |     1 |       |       ||     1
       Summon Divine War |       |       |       |       |       |       |     3 |     1 ||     4
  Use: Scroll            |     3 |     2 |    13 |    17 |     4 |     6 |     9 |     5 ||    59
       Potion            |     1 |     2 |       |     5 |     1 |     6 |     8 |     1 ||    24
 Stab: Invisible         |       |     2 |       |       |       |       |       |       ||     2
Armor: Scale mail        |    27 |    68 |   166 |    13 |       |       |       |       ||   274
       Acid dragon scale |       |       |       |    95 |    31 |       |       |       ||   126
       Crystal plate arm |       |       |       |       |   147 |   674 |   529 |   436 ||  1786
Dodge: Dodged            |    44 |    44 |   206 |   155 |    78 |   272 |   175 |   163 ||  1137
Block: Buckler           |    19 |    25 |    85 |    59 |       |       |       |       ||   188
       Kite shield       |       |       |       |    46 |   391 |  1105 |   914 |   684 ||  3140
       Other             |       |       |       |     2 |       |       |       |       ||     2
       Reflection        |       |       |       |       |     8 |    40 |    64 |    40 ||   152

Table legend: (Time is in decaauts)
 A = Elapsed time spent in this place.
 B = Non-inter-level travel time spent in this place.
 C = Inter-level travel time spent in this place.
 D = Time resting spent in this place.
 E = Time spent auto-exploring this place.
 F = Levels seen in this place.
 G = Mean time per level.
                   A        B        C        D        E       F      G
               +--------+--------+--------+--------+--------+-----+--------+
         Total |  58892 |  55193 |   3699 |  17132 |  29428 |  46 | 1280.3 |
       Dungeon |  17948 |  16582 |   1366 |   2955 |  11228 |  15 | 1196.5 |
        Temple |     87 |     79 |      8 |      0 |     63 |   1 |   87.0 |
          Lair |   8530 |   7413 |   1117 |   1584 |   4979 |   6 | 1421.7 |
        Shoals |   9661 |   9280 |    381 |   3708 |   4011 |   4 | 2415.2 |
   Spider Nest |   5733 |   5587 |    146 |   2704 |   1846 |   4 | 1433.2 |
    Slime Pits |   2620 |   2462 |    158 |   1774 |    216 |   5 |  524.0 |
  Orcish Mines |   1843 |   1738 |    105 |    580 |    868 |   2 |  921.5 |
        Vaults |   9846 |   9460 |    386 |   2929 |   5038 |   5 | 1969.2 |
        Depths |   1773 |   1744 |     29 |    490 |    959 |   2 |  886.5 |
         Sewer |    345 |    345 |      0 |      0 |    218 |   1 |  345.0 |
      Ice Cave |    501 |    501 |      0 |    408 |      0 |   1 |  501.0 |
               +--------+--------+--------+--------+--------+-----+--------+

Top non-repeatable levels by time:
Shoals:4: 3358 daAuts
Vaults:4: 2946 daAuts
Shoals:3: 2432 daAuts
Vaults:2: 2264 daAuts
Shoals:1: 2195 daAuts
Spider:1: 1987 daAuts
  Lair:5: 1905 daAuts
  Lair:6: 1898 daAuts
     D:3: 1860 daAuts
    D:15: 1844 daAuts
Vaults:1: 1818 daAuts
Depths:1: 1705 daAuts
Shoals:2: 1675 daAuts
Spider:3: 1648 daAuts
  Lair:2: 1631 daAuts
